AoeStats
← [GG] Shevchenko 7

Arena

505658671Analyzed
1v1 RM · 23d ago on Sep 10, 2026· 26m 8s· 2 players
Game mode
Random Map
Map size
Tiny (2 player)
Population
200
Speed
Normal
Resources
Standard
Victory
Conquest
Starting age
Dark Age
Ending age
Imperial Age
RankedLock teamsTeams togetherTeam positionsShared explorationLock speedFull tech treeHidden civsTurbo modeCheats
Victory
Defeat
🇧🇷 Portuguese · Brazil
1136
+15
🇨🇴 Turks · Colombia
1105
-15
J.O.H.A.N 24
5:33 Loom
10:56 Feudal Age
16:10 Castle Age
14:21 Double-Bit Axe
15:10 Horse Collar
15:30 Gold Mining
15:55 Forging
17:33 Bow Saw
19:32 Iron Casting
24:24 Fletching
26:19 Bodkin Arrow
[GG] Shevchenko 7
10:08 Feudal Age
8:56 Loom
9:22 Loom
14:13 Castle Age
13:59 Double-Bit Axe
24:28 Sanctity
25:06 Fletching
Connection lost

Rejoining the realm…

Still unreachable

The connection could not be restored.

Session expired

The server has moved on; the page needs a fresh start.